 Dungeon Crawl Stone Soup version 0.23-a0-136-g722f094350 (webtiles) character file.

148 RedPan the Grave Robber (level 5, 0/35 HPs)
             Began as a Mummy Necromancer on Aug 28, 2018.
             Killed from afar by an orc wizard (18 damage)
             ... with a puff of flame
             ... on level 3 of the Dungeon.
             The game lasted 00:06:23 (3589 turns).

RedPan the Grave Robber (Mummy Necromancer)         Turns: 3589, Time: 00:06:23

Health: 0/35       AC:  3    Str: 11    XL:     5   Next: 8%
Magic:  1/11       EV: 12    Int: 20    God:
Gold:   175        SH:  0    Dex: 13    Spells: 3/12 levels left

rFire    x . .     SeeInvis .   d - +0 short sword
rCold    + . .     Gourm    .   (no shield)
rNeg     + + +     Faith    .   a - +0 robe
rPois    ∞         Spirit   .   b - +0 hat
rElec    .         Reflect  .   c - +0 cloak
rCorr    .         Harm     .   (no gloves)
MR       .....                  (no boots)
Stlth    ++........             (no amulet)
HPRegen  0.11/turn              i - +3 ring of intelligence
MPRegen  0.12/turn              h - +2 ring of intelligence

@: no status effects
A: no food or potions, fire vulnerability, cold resistance 1, negative energy
resistance 3, torment resistance, unbreathing
a: no special abilities


You were on level 3 of the Dungeon.
You were not hungry.

You visited 1 branch of the dungeon, and saw 4 of its levels.

You collected 175 gold pieces.

Inventory:

Hand Weapons
 d - a +0 short sword (weapon)
Armour
 a - a +0 robe (worn)
 b - a +0 hat (worn)
 c - a +0 cloak (worn)
Jewellery
 f - an uncursed ring of resist corrosion
 h - a +2 ring of intelligence (right hand)
 i - a +3 ring of intelligence (left hand)
Scrolls
 e - 2 scrolls of teleportation
 g - a scroll of magic mapping
 j - 3 scrolls of fog


   Skills:
 - Level 2.0 Dodging
 - Level 2.0 Stealth
 + Level 4.1 Spellcasting
 * Level 5.5 Necromancy


You had 3 spell levels left.
You knew the following spells:

 Your Spells              Type           Power        Failure   Level  Hunger
a - Pain                  Necr           ####         1%          1    N/A
b - Animate Skeleton      Necr           N/A          1%          1    N/A
c - Vampiric Draining     Necr           ####......   4%          3    N/A
d - Animate Dead          Necr           N/A          13%         4    N/A

Your spell library contained the following spells:

 Spells                   Type           Power        Failure   Level  Hunger
 Regeneration             Chrm/Necr      Unusable     N/A         3    N/A

Dungeon Overview and Level Annotations

Branches:
Dungeon (4/15)
 Temple: D:4-7

Altars:
Hepliaklqana
Trog

Shops:
D:4 [


Innate Abilities, Weirdness & Mutations

You do not eat or drink.
Your flesh is vulnerable to fire.
You are immune to poison.
Your flesh is cold resistant. (rC+)
You are immune to negative energy. (rN+++)
You are immune to unholy pain and torment.
You can survive without breathing.


Message History

You climb upwards.
There is a stone staircase leading down here.
You closely miss the orc priest.
The orc priest is almost dead.
The orc priest barely misses you.
The orc wizard looks encouraged for a moment.
You hit the orc priest.
The orc priest is almost dead.
The orc priest closely misses you. The orc wizard casts a spell at you.
The puff of frost misses you.
The puff of frost hits the orc priest.
The orc priest dies!
You have reached level 5!
You feel agile.
You hit the orc wizard.
The orc wizard is heavily wounded.
The orc wizard gestures at you while chanting.
The puff of flame hits you! The fire burns you terribly!
Ouch! That really hurt!
You die...

..<..##.##
#.#.##.####!#.###..'†
###..##..# #.#.##.# #...#
##≈#§ # #.(###.#
#.#.##.####..## #≈#≈ ###.##
#.# #......%.....# #≈#≈
.[..# #.# ####.........#
#≈## #..## #.#
#.#.#####.#####≈≈# ##.#
##.#######.#.# #.#.......
#.# #.........o#.##
#.........
#.####.........@...#
#...######
#.##.....######)#..# #...# #
#.##.#...# #.#..# #...## #
#.##.##### ##.#..# #..(.# #
#.......######.....####...(#
#
####.##....................#
# #.#########.........÷%###
# #.# #.##.#####..#######
#.# #.##.#####......Z..


You could see an orc wizard.

Vanquished Creatures
  A worker ant (D:2)
  An adder (D:2)
  An ooze (D:1)
  4 worms
  2 dart slugs
  2 leopard geckos
  2 orcs
  2 ball pythons
  3 giant cockroaches (D:2)
  8 goblins
  7 hobgoblins
  6 jackals
  3 quokkas
  7 bats
  3 frilled lizards
  5 kobolds
  8 rats
65 creatures vanquished.

Vanquished Creatures (others)
  An orc priest (D:3)
1 creature vanquished.

Grand Total: 66 creatures vanquished

Notes
Turn   | Place    | Note
-------+----------+-------------------------------------------
     0 | D:1      | RedPan the Mummy Necromancer began the quest for the Orb.
     0 | D:1      | Reached XP level 1. HP: 13/13 MP: 4/4
   280 | D:1      | Reached XP level 2. HP: 19/19 MP: 0/5
   533 | D:1      | Learned a level 1 spell: Animate Skeleton
  1042 | D:2      | Reached XP level 3. HP: 24/24 MP: 1/7
  1273 | D:2      | Found a hazy altar of Hepliaklqana.
  2104 | D:2      | Reached skill level 5 in Necromancy
  2104 | D:2      | Reached XP level 4. HP: 20/30 MP: 3/9
  2297 | D:2      | Learned a level 3 spell: Vampiric Draining
  2302 | D:2      | Learned a level 4 spell: Animate Dead
  3532 | D:3      | Found a bloodstained altar of Trog.
  3574 | D:4      | Found Puniaraki's Antique Armour Emporium.
  3588 | D:3      | Reached XP level 5. HP: 18/35 MP: 1/11
  3589 | D:3      | Killed from afar by an orc wizard

Vault maps used:
D:1:      dpeg_arrival_morbid_curiosity
D:2:      lemuel_doored_altar, minmay_tall_x
D:3:      lightli_temple_of_fire, first_ration
D:4:      chequers_temple_overflow_statue_of_worship, serial_shops, shop

Skill      XL: |  1  2  3  4 |
---------------+-------------+-----
Spellcasting   | 3 4 |  4.1
Stealth        | 2 |  2.0
Dodging        | 2 |  2.0
Necromancy     | 5 |  5.5

Action                   |  1- 3 |  4- 6 || total
-------------------------+-------+-------++-------
Melee: Short sword       |     5 |     6 ||    11
 Cast: Pain              |    90 |    65 ||   155
       Animate Skeleton  |       |     2 ||     2
  Use: Scroll            |       |     5 ||     5
Armor: Robe              |     5 |     3 ||     8
Dodge: Dodged            |    13 |    12 ||    25

Table legend:
 A = Non-vault XP
 B = Vault XP
 C = Vault XP percentage of total XP
 D = Non-vault monster count
 E = Vault monster count
 F = Vault count percentage of total count
                 A         B        C        D         E       F
            +---------+---------+-------+---------+---------+-------
      Total |     199 |      13 |   6.1 |      58 |       8 |  12.1
            +---------+---------+-------+---------+---------+-------
        D:1 |      31 |       8 |  20.5 |      16 |       4 |  20.0
        D:2 |      80 |       5 |   5.9 |      18 |       4 |  18.2
        D:3 |      85 |       0 |   0.0 |      23 |       0 |   0.0
        D:4 |       3 |       0 |   0.0 |       1 |       0 |   0.0
            +---------+---------+-------+---------+---------+-------
